 Dungeon Crawl Stone Soup version 0.22.0-49-gab54619 (webtiles) character file.

107 Anon1729 the Chopper (level 4, -3/40 HPs)
             Began as a Naga Gladiator on Sept 8, 2018.
             Killed by divine providence
             ... invoked by an orc priest
              (11 damage)
             ... on level 3 of the Dungeon.
             The game lasted 00:03:50 (2574 turns).

Anon1729 the Chopper (Naga Gladiator)               Turns: 2574, Time: 00:03:51

Health: -3/40      AC:  3    Str: 16    XL:     4   Next: 86%
Magic:  4/4        EV: 10    Int:  9    God:
Gold:   108        SH:  0    Dex: 13    Spells: 3/3 levels left

rFire    . . .     SeeInvis +   a - +0 war axe
rCold    + . .     Gourm    .   (no shield)
rNeg     . . .     Faith    .   b - +0 leather armour
rPois    +         Spirit   .   c - +0 helmet
rElec    .         Reflect  .   (no cloak)
rCorr    .         Harm     .   (no gloves)
MR       .....                  (no barding)
Stlth    +.........             (no amulet)
HPRegen  0.13/turn              i - ring of protection from cold
MPRegen  0.09/turn              (no ring)

@: drained, very slow
A: large, see invisible, deformed body, poison resistance, slowness 2, slow
metabolism 1, spit poison 1, AC +1
a: Spit Poison


You were on level 3 of the Dungeon.
You were not hungry.

You visited 1 branch of the dungeon, and saw 3 of its levels.

You collected 108 gold pieces.

Inventory:

Hand Weapons
 a - a +0 war axe (weapon)
Missiles
 d - 3 throwing nets (quivered)
Armour
 b - a +0 leather armour (worn)
 c - a +0 helmet (worn)
Jewellery
 i - a ring of protection from cold (left hand)
Wands
 l - a wand of enslavement (5)
Scrolls
 h - 2 scrolls of identify {unknown}
 k - a scroll of blinking {unknown}
 m - a scroll of magic mapping {unknown}
 n - 2 scrolls of immolation {unknown}
 o - a scroll of random uselessness {unknown}
 q - a scroll of noise {unknown}
Potions
 e - a potion of curing {unknown}
 g - a potion of haste {unknown}
 j - a potion of resistance {unknown}
 r - a potion of ambrosia {unknown}
 s - a potion of magic {unknown}
Comestibles
 f - 4 rations
 p - a chunk of flesh


   Skills:
 + Level 2.6(1.9) Fighting
 * Level 4.1(3.3) Axes
 - Level 2.0(1.2) Throwing
 + Level 1.2(0.5) Armour
 + Level 2.9(2.2) Dodging


You had 3 spell levels left.
You didn't know any spells.
Your spell library was empty.

Dungeon Overview and Level Annotations

Branches:
Dungeon (3/15)

Altars:
Elyvilon

Annotations:
D:2 1 exclusion, Sigmund
D:3 exclusion: upstairs


Innate Abilities, Weirdness & Mutations

You cannot wear boots.
Your serpentine skin is tough. (AC +1)
You have supernaturally acute eyesight. (SInv)
Armour fits poorly on your strangely shaped body.
Your system is resistant to poisons. (rPois)
You cover ground very slowly.
You have a slow metabolism.
You can spit poison.


Message History

The orc priest hits you but does no damage.
The orc priest closely misses you.
Unknown command.
You hit the orc priest.
The orc priest is heavily wounded.
The orc priest hits you with a club.
* * * LOW HITPOINT WARNING * * *
Unknown command.
You hit the orc priest.
The orc priest is almost dead.
The orc priest closely misses you.
You barely miss the orc priest.
The orc priest is almost dead.
The orc priest casts a cantrip, but nothing happens.
You closely miss the orc priest.
The orc priest is almost dead.
The orc priest barely misses you.
The orc priest calls down the wrath of Beogh upon you.
Beogh smites you!
You die...

####### ......#####
###.......# ########
#.......# #......#
###.......# #......#.
.....)....# ##........
.(........### #.........
............# #o........
..........#.# #)@)......
..........#.###.).####.#
...#####..........#
...########..####.#
....................
.......#####..#.#..##
.......## ##.# #..#
........#####.# .(.
..............# ##


You could see an orc priest.

Vanquished Creatures
  2 gnolls (D:2)
  3 adders
  2 worms (D:2)
  2 dart slugs
  4 orcs (D:3)
  A ball python (D:3)
  4 goblins
  4 hobgoblins
  8 jackals
  5 kobolds
  3 frilled lizards
  5 rats
43 creatures vanquished.

Vanquished Creatures (others)
  A gnoll (D:2)
1 creature vanquished.

Grand Total: 44 creatures vanquished

Notes
Turn   | Place    | Note
-------+----------+-------------------------------------------
     0 | D:1      | Anon1729 the Naga Gladiator began the quest for the Orb.
     0 | D:1      | Reached XP level 1. HP: 19/19 MP: 1/1
   366 | D:1      | Reached XP level 2. HP: 10/26 MP: 2/2
  1029 | D:2      | Reached XP level 3. HP: 19/32 MP: 3/3
  1697 | D:2      | Found a white marble altar of Elyvilon.
  1829 | D:2      | Reached skill level 1 in Armour
  1829 | D:2      | Reached XP level 4. HP: 24/40 MP: 4/4
  2251 | D:2      | Noticed Sigmund
  2506 | D:3      | Reached skill level 4 in Axes
  2574 | D:3      | Killed from afar by an orc priest

Skill      XL: |  1  2  3  4 |
---------------+-------------+-----
Throwing       | 2 |  2.0
Armour         | 1 |  1.2
Axes           | 4 |  4.1
Fighting       | |  2.6
Dodging        | |  2.9

Action                   |  1- 3 |  4- 6 || total
-------------------------+-------+-------++-------
Melee: War axe           |    80 |    58 ||   138
Evoke: Wand              |       |     2 ||     2
  Eat: Chunk             |     2 |     2 ||     4
Armor: Leather armour    |    16 |    19 ||    35
Dodge: Dodged            |    46 |    45 ||    91
